AoeStats
← AnGuS

Arena

509941800Analyzed
3v3 RM · 3d ago on Sep 28, 2026· 49m 3s· 6 players
Game mode
Random Map
Map size
Normal (6 player)
Population
200
Speed
Normal
Resources
Standard
Victory
Conquest
Starting age
Dark Age
Ending age
Imperial Age
RankedLock teamsTeams togetherTeam positionsShared explorationLock speedFull tech treeHidden civsTurbo modeCheats
Victory
Defeat
🇧🇷 Turks · Brazil
1017
+13
🇷🇺 Celts · Russia
992
+14
🇧🇷 Teutons · Brazil
948
+15
🇺🇸 Jurchens · United States
967
-16
🇬🇧 Gurjaras · United Kingdom
929
-13
🇵🇰 Turks · Pakistan
929
-13
idontknow6525
10:19 Feudal Age
13:05 Loom
15:43 Castle Age
13:48 Double-Bit Axe
28:44 Wheelbarrow
29:31 Horse Collar
30:07 Bow Saw
29:53 Gold Mining
31:52 Stone Mining
32:31 Hand Cart
32:26 Town Watch
35:57 Imperial Age
34:38 Scale Barding Armor
34:44 Forging
34:50 Bloodlines
35:14 Heavy Plow
37:24 Gold Shaft Mining
37:26 Stone Shaft Mining
37:47 Conscription
40:41 Conscription
40:43 Scale Mail Armor
48:03 Chain Mail Armor
Hannaconda71
11:39 Feudal Age
15:37 Castle Age
14:25 Double-Bit Axe
15:42 Scale Mail Armor
15:54 Pikeman
17:30 Horse Collar
21:24 Gambesons
26:19 Bow Saw
26:11 Heavy Plow
28:13 Fletching
28:39 Chain Mail Armor
30:46 Forging
30:41 Scale Barding Armor
31:51 Wheelbarrow
30:44 Light Cavalry
34:12 Husbandry
34:24 Bloodlines
37:37 Gold Mining
42:41 Imperial Age
42:28 Iron Casting
44:26 Hussar
47:08 Blast Furnace
46:17 Heavy Rocket Cart
zainkb
10:25 Loom
13:09 Feudal Age
16:59 Castle Age
15:25 Double-Bit Axe
21:17 Imperial Age
22:52 Padded Archer Armor
35:13 Scale Barding Armor
37:06 Chain Barding Armor
37:02 Husbandry
41:50 Forging
41:44 Loom
iSorry
9:20 Feudal Age
12:42 Loom
15:27 Castle Age
15:33 Fletching
19:07 Double-Bit Axe
25:43 Forging
25:31 Town Watch
28:06 Wheelbarrow
27:44 Bow Saw
27:17 Horse Collar
30:38 Heavy Plow
31:15 Stone Mining
31:16 Gold Mining
33:50 Stone Shaft Mining
33:18 Bodkin Arrow
34:14 Scale Mail Armor
35:26 Hand Cart
38:19 Ironclad
39:49 Iron Casting
39:29 Chain Mail Armor
39:59 Town Patrol
42:50 Caravan
45:29 Imperial Age
45:22 Gambesons
45:39 Squires
45:34 Elite Teutonic Knight
46:38 Conscription
45:42 Heavy Scorpion
45:43 Capped Ram
48:00 Chemistry
47:20 Ballistics
47:06 Siege Engineers
47:14 Masonry
48:07 Two-Man Saw
48:11 Blast Furnace
47:41 Plate Mail Armor
48:19 Block Printing
AnGuS
15:37 Feudal Age
16:35 Horse Collar
16:41 Double-Bit Axe
16:52 Gold Mining
20:12 Castle Age
21:33 Bow Saw
21:26 Heavy Plow
22:07 Gold Shaft Mining
24:34 Imperial Age
24:48 Ballistics
24:42 Padded Archer Armor
29:30 Leather Archer Armor
32:05 Ring Archer Armor
34:09 Artillery
37:29 Wheelbarrow
37:09 Treadmill Crane
39:08 Hand Cart
40:18 Elite Janissary
41:07 Town Watch
43:17 Town Patrol
48:26 Loom
Cairo
0:35 Loom
13:45 Feudal Age
14:11 Double-Bit Axe
14:08 Horse Collar
20:34 Castle Age
19:21 Padded Archer Armor
20:37 Fletching
21:09 Town Watch
23:33 Wheelbarrow
25:23 Elite Skirmisher
28:08 Bodkin Arrow
29:53 Ballistics
32:45 Heavy Plow
33:28 Fortified Wall
34:58 Gold Mining
36:08 Town Patrol
38:43 Gold Shaft Mining
38:00 Stone Mining
38:29 Stronghold
47:08 Imperial Age
46:45 Stone Shaft Mining
48:04 Capped Ram
Connection lost

Rejoining the realm…

Still unreachable

The connection could not be restored.

Session expired

The server has moved on; the page needs a fresh start.